 Dungeon Crawl Stone Soup version 0.29-a0-234-g0dae59b3db (console) character file.

Game seed: 55781341638343879

2 petzl the Vexing (level 1, -1/15 HPs)
             Began as a Formicid Arcane Marksman on Mar 2, 2022.
             Slain by a jackal (2 damage)
             ... on level 1 of the Dungeon.
             The game lasted 00:01:13 (161 turns).

petzl the Vexing (Formicid Arcane Marksman)          Turns: 161, Time: 00:01:13

Health: -1/15      AC:  2    Str: 14    XL:     1   Next: 33%
Magic:  0/2        EV: 12    Int: 12    God:
Gold:   0          SH:  0    Dex: 11    Spells: 1/2 levels left

rFire   . . .      SeeInvis +   a - +0 hand axe {!f =f}
rCold   . . .      Faith    .   (no shield)
rNeg    . . .      Spirit   .   c - +0 robe
rPois   .          Reflect  .   (helmet unavailable)
rElec   .          Harm     .   (no cloak)
rCorr   .          Rampage  .   (no gloves)
Will    .....                   (no boots)
Stlth   +.........              (no amulet)
HPRegen 0.05/turn               (no ring)
MPRegen 0.08/turn               (no ring)

@: no status effects
A: permanent stasis, dig shafts and tunnels, antennae 3, four strong arms
a: Dig, Shaft Self


You were on level 1 of the Dungeon.
You visited 1 branch of the dungeon, and saw 1 of its levels.

Inventory:

Hand Weapons
 a - a +0 hand axe (weapon) {!f =f}
 b - a +0 hand crossbow
Missiles
 f - 25 stones
Armour
 c - a +0 robe (worn)
Jewellery
 d - a ring of magical power
Scrolls
 e - a scroll of torment {unknown}


   Skills:
 + Level 1.2 Fighting
 + Level 2.0 Crossbows
 + Level 0.0 Armour
 + Level 1.8 Dodging
 + Level 0.1 Stealth
 + Level 1.1 Spellcasting
 - Level 3.6 Hexes


You had one spell level left.
You knew the following spells:

 Your Spells              Type           Power      Damage    Failure   Level
a - Slow                  Hex            36%        N/A       7%          1

Your spell library contained the following spells:

 Spells                   Type           Power      Damage    Failure   Level
 Inner Flame              Hex/Fire       5%         N/A       38%         3
 Portal Projectile        Hex/Tloc       10%        N/A       38%         3
 Cause Fear               Hex            4%         N/A       54%         4


Dungeon Overview and Level Annotations

Branches:
Dungeon (1/15)

Altars:


Innate Abilities, Weirdness & Mutations

You cannot be hasted, slowed, berserked, paralysed or teleported.
You can dig through walls and to a lower floor.
You have a pair of large antennae on your head. (SInv)
Your four strong arms can wield two-handed weapons with a shield.


Message History

You closely miss the jackal. The jackal misses you.
The jackal completely misses you.
You hit the jackal.
The jackal is lightly wounded.
The jackal bites you. The jackal barely misses you.
You hit the jackal but do no damage.
The jackal is lightly wounded.
The jackal closely misses you. x2
You closely miss the jackal. The jackal barely misses you.
The jackal bites you.
Casting: Slow (safe; 7% risk of failure)
Confirm with . or Enter, or press ? or * to list all spells.
Aiming: Slow (safe; 7% risk of failure)
Press: ? - help, Shift-Dir - straight line, f/p - jackal
Aim: a jackal (chance to affect: 64%)
The jackal seems to slow down.
The jackal barely misses you.
You hit the jackal.
The jackal is almost dead.
The jackal barely misses you.
You hit the jackal.
You kill the jackal!
The jackal bites you.
Casting: Slow (safe; 7% risk of failure)
Confirm with . or Enter, or press ? or * to list all spells.
Aiming: Slow (safe; 7% risk of failure)
Press: ? - help, Shift-Dir - straight line, f - jackal
Aim: a jackal (chance to affect: 64%)
The jackal struggles to resist.
The jackal misses you.
You barely miss the jackal. The jackal bites you.
* * * LOW HITPOINT WARNING * * *
The jackal bites you but does no damage.
You closely miss the jackal. The jackal barely misses you.
The jackal bites you but does no damage.
You hit the jackal.
The jackal is moderately wounded.
The jackal barely misses you. The jackal bites you.
* * * LOW HITPOINT WARNING * * *
You hit the jackal but do no damage.
The jackal is moderately wounded.
The jackal bites you but does no damage.
The jackal bites you.
You die...

### .... ##..#. ......
##...# $....# ###
##.#####....#
###8#####
...g........#
...<....###
{##.....#†#..##
..........##
#..#.#.#h.[..#
...........## . ..
#.###.###
............# #..#.#
#.#...#
.####.......###..#.#
#.#.#####.# ##
###...§§.##..#.#
#..h.......
##..§§§##..#.#
###g#####.#
##.§§§##..#.# #h#
#§.§§##..#.# #@#
##§.§8#..#.# #.#
#.§.##..#.#####.#
#.§.##..#....##.#
##...##..#.......#
#....##..##...#####
#...##.............
#....##..###########
## #....##........#
.####.....##....####.#
........###..#..#....#
.#####.###..##.....#
.#####.#...###.#####
......>)...........#
####.#########.###.#
...............# #.#
###..#..##########.#
#................#
#.#..#############


You could see 2 jackals and a goblin.

Vanquished Creatures
  A jackal (D:1)
  A frilled lizard (D:1)
2 creatures vanquished.

Notes
Turn   | Place    | Note
-------+----------+-------------------------------------------
     0 | D:1      | petzl the Formicid Arcane Marksman began the quest for the
                  | Orb.
     0 | D:1      | Reached XP level 1. HP: 15/15 MP: 2/2
   161 | D:1      | Slain by a jackal

Illustrated notes

Levels and vault maps discovered:
D:1:      heliophobic_arrival_dark_side_of_the_moon, layout_basic

Action                   || total
-------------------------++-------
Melee: Hand axe          ||    17
 Cast: Slow              ||     3
Armor: Robe              ||     5
Dodge: Dodged            ||    18

Table legend: (Time is in decaauts)
 A = Elapsed time spent in this place.
 B = Non-inter-level travel time spent in this place.
 C = Inter-level travel time spent in this place.
 D = Time resting spent in this place.
 E = Time spent auto-exploring this place.
 F = Levels seen in this place.
 G = Mean time per level.
                   A        B        C        D        E       F      G
               +--------+--------+--------+--------+--------+-----+--------+
         Total |    165 |    165 |      0 |      0 |     86 |   1 |  165.0 |
       Dungeon |    165 |    165 |      0 |      0 |     86 |   1 |  165.0 |
               +--------+--------+--------+--------+--------+-----+--------+

Top non-repeatable levels by time:
     D:1: 165 daAuts
